 Dungeon Crawl Stone Soup version 0.20-a0-1111-g4e342e6 (webtiles) character file.

155 Jarno the Changer (level 5, -5/33 HPs)
             Began as an Octopode Transmuter on May 6, 2017.
             Killed by divine providence
             ... invoked by an orc priest
              (10 damage)
             ... on level 3 of the Dungeon.
             The game lasted 00:05:47 (3077 turns).

Jarno the Changer (Octopode Transmuter)             Turns: 3077, Time: 00:05:47

Health: -5/33      AC:  1    Str: 17    XL:     5   Next: 37%
Magic:  6/8        EV: 13    Int: 15    God:
Gold:   217        SH:  3    Dex: 14    Spells: 2/8 levels left

rFire    . . .     SeeInvis .     - Unarmed
rCold    . . .     Gourm    .   (no shield)
rNeg     . . .     Faith    .   (helmet restricted)
rPois    .         Spirit   .   t - +3 amulet of reflection
rElec    .         Reflect  +   k - +5 ring of strength
rCorr    .         Harm     .   o - +3 ring of strength
MR       .....                  v - ring of flight
Stlth    ++........             (no ring)
Regen    0.2/turn               (no ring)
MPRegen  0.2/turn               (no ring)
                                (no ring)
                                (no ring)

@: about to teleport
A: almost no armour, stealthy swim, amphibious, 8 rings, constrict 8, camouflage
1, gelatinous body 1
a: Evoke Flight


You were on level 3 of the Dungeon.
You were not hungry.

You visited 1 branch of the dungeon, and saw 3 of its levels.

You collected 217 gold pieces.

Inventory:

Missiles
 a - 37 arrows
Jewellery
 f - an uncursed amulet of guardian spirit
 g - an uncursed amulet of rage
 k - a +5 ring of strength (left tentacle)
 o - a +3 ring of strength (right tentacle)
 t - a +3 amulet of reflection (around mantle)
 v - a ring of flight (on tentacle)
 w - an uncursed amulet of faith {unknown}
Scrolls
 h - a scroll of immolation {unknown}
 i - a scroll of teleportation
 j - a scroll of recharging {unknown}
 l - a scroll of magic mapping
 m - a scroll of blinking {unknown}
 s - a scroll of remove curse
 y - a scroll of enchant armour {unknown}
 z - a scroll of identify {unknown}
Potions
 d - a potion of degeneration {unknown}
 e - a potion of might {unknown}
 p - a potion of haste {unknown}
 q - a potion of ambrosia {unknown}
 r - a potion of mutation {unknown}
 u - a potion of agility {unknown}
 x - a potion of berserk rage {unknown}
Books
 b - a book of Changes

   Spells                             Type                      Level
   a - Beastly Appendage              Transmutation                1
   b - Sticks to Snakes               Transmutation                2
   c - Spider Form                    Transmutation/Poison         3
   d - Ice Form                       Ice/Transmutation            4
   e - Blade Hands                    Transmutation                5
Comestibles
 c - 3 bread rations
 n - 3 fruits


   Skills:
 - Level 1.0 Fighting
 - Level 2.0 Dodging
 + Level 3.8 Unarmed Combat
 - Level 2.0 Spellcasting
 + Level 4.6 Transmutations
 - Level 1.2 Poison Magic


You had 2 spell levels left.
You knew the following spells:

 Your Spells              Type           Power        Failure   Level  Hunger
a - Beastly Appendage     Tmut           ###...       3%          1    #......
b - Sticks to Snakes      Tmut           ###.....     4%          2    ###....
c - Spider Form           Tmut/Pois      ##........   21%         3    ###....


Dungeon Overview and Level Annotations

Branches:
Dungeon (3/15)

Altars:
Wu Jian


Innate Abilities, Weirdness & Mutations

You cannot wear most types of armour.
You are very stealthy in the water. (Stealth+)
You are amphibious.
You can wear up to eight rings at the same time.
You can use your tentacles to constrict eight enemies at once.
Your skin changes colour to match your surroundings (Stealth+).
Your rubbery body absorbs attacks. (AC +1, EV +1)


Message History

Casting: Beastly Appendage
Confirm with . or Enter, or press ? or * to list all spells.
You create a snake!
You now have 37 arrows.
The orc hits you with a flail.
* * * LOW HITPOINT WARNING * * *
Unknown command.
Okay, then.
As you read the scroll labeled URINIEQ TERCHE, it crumbles to dust.
You feel blessed for a moment.
It was a scroll of remove curse.
The orc wizard points at you and mumbles some strange words.
The magic dart hits your ball python.
Your ball python dies!
As you read the scroll labeled LONUEJ ZUOJIRU, it crumbles to dust.
You feel aware of your surroundings.
It was a scroll of magic mapping.
The orc misses you.
As you read the scroll labeled ZUOQORCHAHA, it crumbles to dust.
You feel strangely unstable.
It was a scroll of teleportation.
The orc closely misses you.
The orc priest invokes the aid of Beogh against you.
Beogh smites you!
You die...

**......####....###......#
,........................#
,.,..............o.......#
,,.......####.#..........#
,,,,,,,.........###......#
,**,,,,,..####.## #.o....#
***,,,,,,,* #oo# #o.....#
***,,,,,,,*
##.###o.....#**
**,,,,,,,** #.@.o#####...#
,,,*,,,,,** ####......,..#
,,,,,,,,,,* #######**##
,,,,,,,,,,* ,,,,,,,,,,*
****,,,,,** **,,,** *****


You could see an orc priest, an orc wizard and 2 orcs.

Vanquished Creatures
  Terence (D:2)
  A gnoll (D:1)
  2 adders
  An ooze (D:2)
  3 worms
  5 dart slugs
  2 leopard geckos (D:1)
  4 giant cockroaches
  9 goblins
  9 hobgoblins
  7 jackals
  3 quokkas (D:3)
  8 bats
  4 frilled lizards
  11 kobolds
  7 rats
77 creatures vanquished.

Notes
Turn   | Place    | Note
-------+----------+-------------------------------------------
     0 | D:1      | Jarno the Octopode Transmuter began the quest for the Orb.
     0 | D:1      | Reached XP level 1. HP: 13/13 MP: 3/3
    78 | D:1      | Reached XP level 2. HP: 15/18 MP: 5/5
   136 | D:1      | Reached skill level 3 in Transmutations
   272 | D:1      | Learned a level 2 spell: Sticks to Snakes
   327 | D:1      | Reached XP level 3. HP: 14/23 MP: 6/6
   521 | D:1      | Learned a level 3 spell: Spider Form
   996 | D:2      | Reached skill level 4 in Transmutations
  1006 | D:1      | Reached skill level 1 in Poison Magic
  1006 | D:1      | Reached XP level 4. HP: 10/28 MP: 7/7
  2194 | D:3      | Found an ornate altar of the Wu Jian Council.
  2278 | D:3      | Found a faded altar of an unknown god.
  2310 | D:3      | Noticed Terence
  2333 | D:2      | Killed Terence
  2333 | D:2      | Reached XP level 5. HP: 24/33 MP: 1/8
  3077 | D:3      | Killed from afar by an orc priest

Vault maps used:
D:1:      erik_arrival_triangle_large, minmay_nonomino_d4
D:3:      lemuel_doored_altar, chequers_ecumenical_altar_island, uniq_terence

Skill      XL: |  1  2  3 |
---------------+----------+-----
Transmutations | 3 4 |  4.6
Poison Magic   | 1 |  1.2
Fighting       | |  1.0
Dodging        | |  2.0
Unarmed Combat | |  3.8
Spellcasting   | |  2.0

Action                   |  1- 3 |  4- 6 || total
-------------------------+-------+-------++-------
Melee: Unarmed           |    84 |   102 ||   186
       Constrict         |    27 |    29 ||    56
       Tentacles         |    14 |    21 ||    35
       Kick              |    15 |    15 ||    30
       Punch             |       |     1 ||     1
 Cast: Beastly Appendage |     9 |     8 ||    17
       Sticks to Snakes  |       |     4 ||     4
  Use: Scroll            |       |     3 ||     3
 Stab: Sleeping          |     1 |     3 ||     4
  Eat: Chunk             |       |     7 ||     7
Armor: Skin              |     6 |     5 ||    11
Dodge: Dodged            |    57 |    54 ||   111
Block: Other             |       |     3 ||     3
